[Event "Baku Open 2024"]
[Site "Baku"]
[Date "2024.07.01"]
[Round "3.3"]
[White "Stribuk, Artiom"]
[Black "Aditya Mittal"]
[Result "1/2-1/2"]
[ECO "A29"]
[WhiteElo "2422"]
[BlackElo "2595"]
[Annotator "TA"]
[PlyCount "154"]
[EventDate "2024.06.29"]
[EventType "swiss"]
[EventCountry "AZE"]
[SourceTitle "playchess.com"]
[Source "ChessBase"]
[SourceQuality "1"]
[TimeControl "5400+30"]

1. c4 e5 2. g3 Nf6 3. Bg2 d5 4. cxd5 Nxd5 5. Nf3 Nc6 6. O-O Nb6 7. Nc3 Be7 8. b3 O-O 9. Bb2 Re8 {[%emt 0:03:14] A29: English Opening: Four Knights Variation with 4 g3.} 10. Rc1 a5 11. Ne4 f5 $146 ({Predecessor:} 11... Bf8 12. Nc5 Bxc5 13. Rxc5 f6 14. d4 e4 15. Ne1 Qd6 16. e3 a4 17. Qc2 axb3 18. axb3 {0-1 Li,E (2266)-Diaz Perez,M (2459) Titled Tuesday intern op 03rd Aug blitz 2021 (9)}) 12. Nc5 e4 13. Ne5 Nxe5 14. Bxe5 Nd5 15. Bb2 b6 16. Na4 Ba6 17. Nc3 Nxc3 18. Bxc3 Ba3 19. Ra1 Qg5 20. d3 Rad8 21. b4 axb4 22. Qa4 Qe7 23. Qxa6 bxc3 24. Qc4+ Qe6 25. Qxc3 Bc5 26. Rad1 Qxa2 27. e3 Qa4 28. Rd2 Kh8 (28... Rxd3 {is interesting.} 29. Rxd3 exd3 30. Bd5+ Kh8) 29. dxe4 Rxd2 30. Qxd2 fxe4 31. Qd5 Bd6 32. h4 Re5 33. Qb7 g6 34. Rc1 Qa3 35. Rd1 Qb4 36. Ra1 Kg7 37. Qc6 Re7 38. Qc2 h5 39. Rb1 Qc5 (39... Qa3 {with more complications.} 40. Bxe4 Bxg3 41. Bxg6 Bxf2+ 42. Kxf2 Qxe3+ 43. Kg2 Rd7) 40. Bxe4 Bxg3 41. Qxc5 bxc5 42. fxg3 Rxe4 43. Rb7 Re7 44. Rb5 Re5 45. Rb7 Kf6 46. Rxc7 Ke6 47. Kf2 Kd5 48. Ke2 c4 49. Rc8 Re6 50. Kd2 Ra6 51. Rd8+ (51. Ke2 $11) 51... Rd6 (51... Ke4 $15) 52. Rc8 Rc6 53. Re8 Rf6 54. Rd8+ Kc5 55. Rc8+ Rc6 56. Re8 Rb6 57. Kc3 Rb3+ 58. Kc2 Rd3 59. Rc8+ Kb5 60. Rb8+ Kc5 61. Rc8+ Kb5 62. Rb8+ Kc6 63. Rc8+ Kd5 64. Rg8 Rxe3 65. Rxg6 Kd4 66. Rd6+ Kc5 67. Rg6 Kd4 68. Rd6+ Ke4 69. Re6+ Kf3 70. Rxe3+ Kxe3 71. Kc3 Kf3 72. Kxc4 Kxg3 73. Kd3 Kxh4 74. Ke2 Kg3 75. Kf1 h4 76. Kg1 h3 77. Kh1 h2 1/2-1/2

[Event "Baku Open 2024"]
[Site "Baku"]
[Date "2024.07.01"]
[Round "3.4"]
[White "Muradli, Mahammad"]
[Black "Atakishiyev, Elmar"]
[Result "1/2-1/2"]
[ECO "D12"]
[WhiteElo "2575"]
[BlackElo "2356"]
[Annotator "TA"]
[PlyCount "56"]
[EventDate "2024.06.29"]
[EventType "swiss"]
[EventCountry "AZE"]
[SourceTitle "playchess.com"]
[Source "ChessBase"]
[SourceQuality "1"]
[TimeControl "5400+30"]

1. d4 Nf6 2. Nf3 d5 3. e3 Bf5 4. c4 c6 5. Nc3 e6 6. Nh4 Be4 7. f3 Bg6 8. Qb3 Qc7 9. Bd2 Be7 10. Nxg6 hxg6 11. g3 {[%emt 0:00:09] White has an edge.} Nbd7 12. cxd5 Nxd5 13. Kf2 Rd8 (13... O-O-O $5) 14. Kg2 O-O 15. Be2 c5 16. Rac1 Nxc3 17. bxc3 Nb8 18. Rhd1 Nc6 19. Be1 Rd7 20. Bf2 Rfd8 21. Rb1 e5 22. dxe5 Nxe5 23. Rxd7 Rxd7 24. Rd1 Bf6 25. e4 c4 26. Qc2 ({Don't go for} 26. Rxd7 $2 cxb3 27. Rxc7 bxa2 28. Rxb7 (28. Rc8+ $2 Kh7 $19) 28... a1=Q $19 (28... a1=B $2 29. f4 $18)) 26... g5 27. Be3 ({Of course not} 27. Bxa7 Rxd1 28. Qxd1 b6 $19) 27... b5 28. Rd2 a5 {[%emt 0:02:19] Weighted Error Value: White=0.16 (very precise) /Black=0.11 (very precise) .  Inaccurate:     	White=4     	Black=2      OK:         	White=3     	Black=3      Best:        	---       	Black=1} 1/2-1/2

[Event "Baku Open 2024"]
[Site "Baku"]
[Date "2024.07.01"]
[Round "3.5"]
[White "Ibrahimli, Murad"]
[Black "Samadov, Read"]
[Result "1-0"]
[ECO "E71"]
[WhiteElo "2400"]
[BlackElo "2503"]
[Annotator "TA"]
[PlyCount "83"]
[EventDate "2024.06.29"]
[EventType "swiss"]
[EventCountry "AZE"]
[SourceTitle "playchess.com"]
[Source "ChessBase"]
[SourceQuality "1"]
[TimeControl "5400+30"]

1. d4 Nf6 2. c4 g6 3. Nc3 Bg7 4. e4 d6 5. h3 O-O 6. Be3 a5 7. Nf3 Na6 8. Be2 e5 {[%emt 0:02:36] White is slightly better.} 9. dxe5 dxe5 10. O-O (10. Nxe5 Nxe4 11. Nxe4 Bxe5 $11) 10... b6 11. Qb1 Bb7 12. Rd1 Qe8 13. Nd5 Nh5 {[%emt 0:06:03] [#]} (13... Nd7 $11) 14. c5 $1 $14 Bxd5 15. Rxd5 Nf4 16. Bxf4 exf4 17. Bxa6 Rxa6 18. Qd3 {[%emt 0:02:24] Prevents c6.} Ra8 {[%emt 0:02:37] Black is weak on the light squares} 19. cxb6 cxb6 20. e5 Rc8 21. Rd6 {[%emt 0:07:56] Prevents Qc6} Rc5 (21... Bxe5 22. Re1 (22. Rxb6 Bg7 $11) 22... Rc5 23. Rd5 (23. Rxb6 Qe7 $16)) 22. Rxb6 Bxe5 23. Re1 {[%emt 0:01:04] Hoping for Qa3.} f6 24. Rb7 {[%emt 0:11:18] White has more active pieces.} Rf7 25. Qb3 a4 26. Qb4 $36 {[%emt 0:03:09][%mdl 2048] Rxf7 would now be deadly. White has some pressure.} Rxb7 27. Qxb7 (27. Qxc5 $5 Re7 (27... Qb5 28. Qc8+ Kg7 29. Nxe5 $16) 28. Re4 $16) 27... Rb5 28. Qe4 Rxb2 (28... Rc5 $1 $11) 29. Nxe5 $16 fxe5 $11 {[%emt 0:00:25][%mdl 4096] Endgame. KQR-KQR} 30. Qd5+ Kg7 $2 (30... Qf7 31. Qxe5 Rb7) 31. Rxe5 $18 (31. Qxe5+ Qxe5 32. Rxe5 Rxa2 33. Re7+ Kg8 $11) 31... Rb1+ 32. Kh2 Qf7 33. Re6 {[%emt 0:04:15] Qe5+ is the strong threat.} Kh6 34. h4 {[%emt 0:02:08][%cal Bh3h4,Bh4h5,Bh5h6][%mdl 32] Threatens to win with Qg5+.} Rb7 (34... Rb5 $16 35. Qxb5 Qxe6) 35. Qg5+ Kg7 36. Qe5+ Kh6 37. Rf6 Qxa2 $2 (37... Qe7 $18 38. Qxf4+ Kg7) 38. Qxf4+ {[%emt 0:00:20] White mates.} Kg7 {[%emt 0:00:02] [#]} 39. h5 $1 Rf7 (39... Qf7 40. h6+) 40. h6+ Kf8 41. Qd6+ Ke8 42. Re6+ {[%emt 0:00:05] Weighted Error Value: White=0.13 (very precise) /Black=0.34.  Mistake:       	---       	Black=5      Inaccurate:     	White=6     	Black=3      OK:         	White=14    	Black=9      Best:        	White=5     	Black=5      Brilliant:      	White=1     	---} (42. Qb8+ $142 Ke7 43. Rd6 (43. Qd6+ Ke8 44. Qe5+ Kd7 45. Rd6+ Kc8 46. Rc6+ Kb7 47. Qb5+ Ka8 48. Qa6+ Ra7 49. Rc8#) 43... Rxf2 44. Qc7+ Kf8 45. Rd8#) 1-0

[Event "Baku Open 2024"]
[Site "Baku"]
[Date "2024.07.01"]
[Round "3.6"]
[White "Movahed, Sina"]
[Black "Raahul V S"]
[Result "1-0"]
[ECO "C70"]
[WhiteElo "2482"]
[BlackElo "2314"]
[Annotator "TA"]
[PlyCount "103"]
[EventDate "2024.06.29"]
[EventType "swiss"]
[EventCountry "AZE"]
[SourceTitle "playchess.com"]
[Source "ChessBase"]
[SourceQuality "1"]
[TimeControl "5400+30"]

1. e4 e5 2. Nf3 Nc6 3. Bb5 a6 4. Ba4 f5 5. d4 exd4 6. e5 (6. exf5 Qe7+ 7. Kf1 Qe4 $11) 6... b5 7. Bb3 {[%emt 0:00:06][%cal Oe1g1] 0-0! would now be deadly.} Na5 8. Qxd4 {[%emt 0:00:36] [#] Black must now prevent Bxg8. White is better.} Bb7 9. Bd5 c6 10. Bxg8 Rxg8 11. Qd3 (11. Bg5 $6 Qc7 $11) 11... Qe7 12. O-O Qf7 ({Black should play} 12... c5 $14) 13. e6 dxe6 (13... Qxe6 $2 14. Re1 $18) 14. Ng5 Qd7 {[%emt 0:03:53] [#]} 15. Qxd7+ (15. Qc3 $1 $16 ) 15... Kxd7 $14 16. Rd1+ Ke7 17. Nxh7 c5 18. Bf4 {[%emt 0:02:01] Hoping for Bd6+.} Kf7 19. Ng5+ (19. Nxf8 {simplifies} Raxf8 20. Rd7+ Kg6 21. Nc3) 19... Kf6 20. Re1 Re8 21. a4 {[%emt 0:03:29] Threatens to win with axb5.} b4 22. Nd2 Bd5 23. Ndf3 {[%emt 0:01:18] White is more active.} Bxf3 24. Nxf3 g5 25. Be5+ Kf7 26. Rad1 g4 27. Nd2 Bh6 28. f4 gxf3 (28... Rc8 $11) 29. Nxf3 Nc4 30. Rd7+ $1 Re7 31. Rd3 Rc8 32. Re2 Rb7 33. b3 Nxe5 34. Nxe5+ Kf6 35. Nc4 {[%emt 0:03:09] Nd6 is the strong threat.} Ra7 (35... Bf4 $16) 36. Rd6 $18 Re8 37. a5 Bf4 38. Rc6 Bc7 39. g3 Bb8 40. Kg2 (40. Rxc5 $6 Rc7 41. Rxc7 (41. Rxf5+ Kxf5 42. Nd6+ Kg5 $17) 41... Bxc7 $16) 40... f4 41. gxf4 {[%emt 0:01:25] And now Re4 would win.} (41. Rxc5 Rc7 42. Rh5 Rg7 $14) 41... Bxf4 42. Rf2 (42. Rxc5 $6 Rh8 $16) 42... Kg5 43. Kf3 ({Don't take} 43. Rxc5+ e5 44. Nd6 (44. h4+ Kxh4 45. Kf3 Bg3 $16) 44... Re6 45. Ne4+ Kh6) 43... Rh8 $2 (43... Bb8 {was necessary.} 44. Ke2 (44. Rxc5+ Kg6 $16) 44... Kg6) 44. Rxc5+ (44. Rxe6 Kf5 45. Rc6 Rh3+ 46. Ke2 Ke4 $11) 44... e5 45. Nxe5 Rh3+ 46. Ke4 Re3+ $2 (46... Bxe5 47. Rxe5+ (47. Kxe5 Kg6 $18) 47... Kh6) 47. Kd4 {[%emt 0:00:10] White is clearly winning.} Rxe5 48. Rxe5+ Bxe5+ 49. Kxe5 Rc7 50. Rg2+ Kh4 51. Rd2 Rc5+ 52. Ke4 $2 {[%emt 0:33:37] Weighted Error Value: White=0.10 (very precise) /Black=0.20 (precise) .  Mistake:       	White=1     	Black=5      Inaccurate:     	White=2     	Black=3      OK:         	White=19    	Black=15     Best:        	White=3     	Black=6      Strong:       	White=1     	---} (52. Kd6 Rxa5 53. Rd4+ Kh3 54. Rxb4) 1-0

[Event "Baku Open 2024"]
[Site "Baku"]
[Date "2024.07.01"]
[Round "3.7"]
[White "Suleymanli, Suleyman"]
[Black "Ahmadzada, Ahmad"]
[Result "1/2-1/2"]
[ECO "A07"]
[WhiteElo "2262"]
[BlackElo "2481"]
[Annotator "TA"]
[PlyCount "63"]
[EventDate "2024.06.29"]
[EventType "swiss"]
[EventCountry "AZE"]
[SourceTitle "playchess.com"]
[Source "ChessBase"]
[SourceQuality "1"]
[TimeControl "5400+30"]

1. Nf3 d5 2. g3 Bg4 3. Bg2 Nd7 4. O-O c6 5. h3 Bxf3 6. Bxf3 e5 7. d4 Ngf6 {[%emt 0:03:27] [#]} 8. c4 $1 {[%emt 0:28:27] The position is equal.} dxc4 9. Nd2 exd4 10. Nxc4 Nc5 11. Bf4 Be7 12. Be5 d3 13. exd3 Qxd3 14. Nd6+ Bxd6 15. Bxd6 {[%emt 0:00:39] This pair of bishops is nice.} Qxd1 16. Raxd1 Ne6 17. b4 O-O-O $1 18. Be5 Rhe8 19. h4 Rd7 20. Kg2 Red8 21. Rc1 Rd2 22. a3 Ra2 23. Rc3 (23. b5 $11 c5 (23... Rxa3 24. bxc6 bxc6 25. Bxc6 $18) 24. Bxf6 gxf6 25. Bh5) 23... Nd5 $17 24. Rb3 g6 25. Rd1 Ndc7 26. Rxd8+ Nxd8 27. Bb2 Nb5 28. Be4 $1 {[%emt 0:00:36] White is slightly better.} Ne6 29. Bb1 $1 Rxb2 30. Rxb2 Nxa3 31. Ba2 Kd7 32. Rd2+ {[%emt 0:00:43] Weighted Error Value: White=0.09 (flawless) /Black=0.09 (flawless) .  Mistake:       	White=1     	---        Inaccurate:     	White=1     	Black=4      OK:         	White=11    	Black=8      Best:        	White=2     	Black=4      Strong:       	White=2     	Black=1} 1/2-1/2

[Event "Baku Open 2024"]
[Site "Baku"]
[Date "2024.07.01"]
[Round "3.8"]
[White "Manafov, Vugar"]
[Black "Hamidov, Allahverdi"]
[Result "1/2-1/2"]
[ECO "D35"]
[WhiteElo "2430"]
[BlackElo "2307"]
[Annotator "TA"]
[PlyCount "98"]
[EventDate "2024.06.29"]
[EventType "swiss"]
[EventCountry "AZE"]
[SourceTitle "playchess.com"]
[Source "ChessBase"]
[SourceQuality "1"]
[TimeControl "5400+30"]

1. c4 e6 2. Nc3 d5 3. d4 Nf6 4. cxd5 exd5 5. Bg5 c6 6. e3 h6 7. Bh4 Be7 8. Bd3 O-O 9. Nge2 Re8 10. f3 b5 11. O-O a6 12. Bf2 c5 13. dxc5 Bxc5 14. Nd4 Nbd7 15. Rc1 Bf8 16. Nce2 Ne5 17. b3 Nxd3 18. Qxd3 Bd7 19. Nf4 Qb6 {[%emt 0:03:35] Wards off Nc6} 20. Qd2 Rac8 21. Nd3 {[%emt 0:03:11] A dynamic duo of knights.} b4 22. Bg3 a5 23. Rxc8 Rxc8 24. Rc1 Bc5 25. Nxc5 Rxc5 26. Rxc5 Qxc5 27. Qc2 Qxc2 28. Nxc2 $14 {[%emt 0:00:05][%mdl 4096] Endgame. KBN-KBN} d4 {[%emt 0:01:59][%cal Bd5d4,Bd4d3][%mdl 32] [#] And now ...d3 would win.} 29. e4 d3 30. Ne3 a4 31. bxa4 ({Better is} 31. Nc4) 31... Bxa4 $16 {[%emt 0:00:47] Hoping for ...d2.} 32. Kf1 b3 ({Much worse is} 32... d2 33. Ke2 $16) 33. axb3 Bxb3 34. Ke1 Ba4 35. Kd2 Bb5 36. Be5 Nd7 37. Bd4 Nf8 38. Nd5 Ne6 39. Be3 Kh7 40. Nb4 Kg6 41. Nxd3 f5 42. exf5+ Kxf5 43. g4+ Kf6 44. Nf2 Bc6 45. f4 g6 {[%emt 0:01:17] The position is equal.} 46. Kd3 h5 47. gxh5 gxh5 48. Ne4+ Kg6 49. Nd6 {[%emt 0:00:13] [#] f5+ would now be deadly.} Ng7 {[%emt 0:04:16] Weighted Error Value: White=0.07 (flawless) /Black=0.08 (flawless) .  Mistake:       	White=1     	---        Inaccurate:     	White=1     	Black=4      OK:         	White=22    	Black=15     Best:        	---       	Black=1} 1/2-1/2

[Event "Baku Open 2024"]
[Site "Baku"]
[Date "2024.07.01"]
[Round "3.9"]
[White "Yeletsky, Ivan"]
[Black "Sherali Pattnaik"]
[Result "1-0"]
[ECO "D31"]
[WhiteElo "2498"]
[BlackElo "1955"]
[Annotator "TA"]
[PlyCount "71"]
[EventDate "2024.06.29"]
[EventType "swiss"]
[EventCountry "AZE"]
[SourceTitle "playchess.com"]
[Source "ChessBase"]
[SourceQuality "1"]
[TimeControl "5400+30"]

1. d4 d5 2. c4 e6 3. Nc3 Be7 4. cxd5 exd5 5. Bf4 c6 6. e3 Bf5 7. Nge2 Nf6 8. Ng3 Bg6 9. h4 h6 (9... Qb6 $11) 10. h5 $14 {[%emt 0:03:20] White is slightly better.} Bh7 11. Bd3 Qb6 ({Better is} 11... Qd7 $14) 12. Bxh7 $16 Nxh7 (12... Rxh7 $16 {is a better defense.} 13. Qc2 Na6) 13. O-O {[%emt 0:08:08] Hoping for Nf5.} O-O 14. Nf5 Bg5 (14... Qd8 $142 15. Qg4 Bg5) 15. Be5 $18 Bf6 16. Qg4 {[%emt 0:08:21] [#] And now Bxf6 would win.} Bxe5 17. dxe5 Ng5 18. Na4 (18. f4 $18 Ne6 19. Na4 (19. Nxh6+ Kh7 $18)) 18... Qa5 $16 19. Nc3 $2 {[%emt 0:06:48] White is much more active. The black rooks are passive.} (19. b3 $16 {f4 is the strong threat.} Kh8 20. f4) 19... Qb6 $1 $18 {[%emt 0:06:33] White leaves nothing to chance now.} 20. f4 Ne6 21. Na4 (21. Nxh6+ Kh7 $18) 21... Qc7 22. Nxh6+ Kh8 23. Nf5 Na6 24. Rf3 Qa5 25. Nc3 Qb4 26. Rb1 Nac5 27. Rg3 Nd3 28. a3 Qc5 29. Kh2 ({Don't do} 29. Nxg7 Rg8 $18) 29... Rg8 (29... Rad8 $142 30. Qe2 (30. Nxg7 Rg8 $18) 30... Qc4) 30. Nd6 Raf8 31. Qf5 Nxb2 32. Rxb2 Qxc3 33. Rxb7 {[%emt 0:00:07] White mates.} Nd8 34. Rd7 Qxa3 {[%emt 0:00:29] [#]} 35. Rxd8 $1 Rxd8 (35... Qxe3 36. Rxe3) 36. Nxf7# {[%emt 0:00:41] Weighted Error Value: White=0.24 (precise) /Black=0.48.  Mistake:       	White=2     	Black=5      Inaccurate:     	White=1     	---        OK:         	White=13    	Black=6      Best:        	White=1     	Black=2      Strong:       	---       	Black=1} 1-0

[Event "Baku Open 2024"]
[Site "Baku"]
[Date "2024.07.01"]
[Round "3.10"]
[White "Galaktionov, Artem"]
[Black "Pranav Vijay"]
[Result "1/2-1/2"]
[ECO "E17"]
[WhiteElo "2358"]
[BlackElo "2252"]
[Annotator "TA"]
[PlyCount "107"]
[EventDate "2024.06.29"]
[EventType "swiss"]
[EventCountry "AZE"]
[SourceTitle "playchess.com"]
[Source "ChessBase"]
[SourceQuality "1"]
[TimeControl "5400+30"]

1. d4 Nf6 2. c4 e6 3. Nf3 b6 4. g3 Bb7 5. Bg2 Be7 6. Nc3 O-O 7. Qc2 {[%emt 0:00:03] The modern move.} c5 8. d5 exd5 9. Nh4 {[%emt 0:00:03][%cal Rc4d5] E17: Queen's Indian: 4 g3 Bb7 5 Bg2 Be7.} Nc6 10. cxd5 Nd4 11. Qd3 Ne8 12. Nf3 Nxf3+ 13. Bxf3 d6 14. O-O Nc7 15. Be4 $146 ({Predecessor:} 15. Re1 Re8 16. Bg2 Bf6 17. Bf4 b5 18. a4 b4 19. Ne4 Be7 20. Nd2 g5 21. Be3 {½-½ Perez Fernandez,J (2402)-Voiculescu,C (2435) W-ch42 sf06 email 2018}) 15... g6 16. Bh6 Re8 17. Bg2 Bf6 18. Rfe1 b5 19. Rab1 b4 {[%emt 0:14:17][%cal Ob7a6] ...Ba6! is the strong threat.} 20. Ne4 Be5 21. f4 (21. Ng5 $11) 21... Bh8 $17 22. Bg5 {[%emt 0:04:49] [#]} f6 (22... Qd7 $1 $17 23. Nf2 (23. Nf6+ Bxf6 24. Bxf6 Ba6 $17) 23... a5 (23... Ba6 24. Qd2 $15)) 23. Bh4 $11 Ba6 24. Qd2 Qe7 (24... Qd7 $11 {feels stronger.}) 25. g4 $14 Rad8 26. Rbd1 Bc4 (26... Bc8 $11 {remains equal.}) 27. g5 $16 f5 28. Nf6+ Bxf6 29. gxf6 Qf7 ({But not} 29... Qe3+ $2 30. Qxe3 Rxe3 31. f7+ Kxf7 32. Bxd8 $18) 30. b3 (30. e4 $1 $14 fxe4 31. Bxe4 Bxa2 32. f5) 30... Ba6 $1 $11 31. e4 fxe4 32. Bxe4 ({Much weaker is} 32. Rxe4 Rxe4 33. Bxe4 Re8 $15) 32... Bc8 {[%emt 0:01:16] [#] Prevents f5} (32... Nb5 $11) 33. f5 Bxf5 34. Bxf5 gxf5 35. Re7 Rxe7 36. fxe7 Re8 37. Kh1 {[%emt 0:01:55] Rg1+ would kill now.} Qh5 $1 38. Rg1+ Kf7 39. Qg2 Qg4 40. Qxg4 fxg4 {[%emt 0:00:07][%mdl 4096] Endgame. KRB-KRN} 41. Rf1+ Kg7 42. Rf5 Kg6 43. Rf8 Kh5 (43... Kg7 44. Bf6+ Kg6 45. Kg2 $16) 44. Bf6 Kg6 45. Bh4 a5 46. Kg2 {[%emt 0:00:18] Black must now prevent Kg3.} Kg7 47. Bf6+ Kg6 48. Bh4 Kg7 49. Rf5 Kg6 50. Rf8 {[%emt 0:01:15] Threatens to win with Kg3.} Kg7 51. Rf5 Kg6 52. Rf8 {[%emt 0:00:43] Strongly threatening Kg3.} Kg7 53. Bf6+ Kg6 54. Bh4 (54. Kg3 $5) 1/2-1/2

[Event "Baku Open 2024"]
[Site "Baku"]
[Date "2024.07.01"]
[Round "3.11"]
[White "Mammadova, Gulnar"]
[Black "Suleymanli, Aydin"]
[Result "0-1"]
[ECO "C77"]
[WhiteElo "2348"]
[BlackElo "2626"]
[Annotator "TA"]
[PlyCount "110"]
[EventDate "2024.06.29"]
[EventType "swiss"]
[EventCountry "AZE"]
[SourceTitle "playchess.com"]
[Source "ChessBase"]
[SourceQuality "1"]
[TimeControl "5400+30"]

1. e4 e5 2. Nf3 Nc6 3. Bb5 a6 4. Ba4 Nf6 5. Nc3 b5 6. Bb3 Bc5 7. O-O d6 {[%emt 0:02:26] C77: Ruy Lopez: 3...a6 4 Ba4 Nf6, unusual lines.} 8. Nd5 h6 9. c3 O-O 10. d3 Rb8 11. Be3 Nxd5 12. Bxd5 Bxe3 13. fxe3 Ne7 14. Bb3 Ng6 15. Qe1 Qe7 16. Qg3 $146 ({Predecessor:} 16. h4 Bg4 17. Qg3 Bh5 18. Rf2 a5 19. a3 b4 20. cxb4 axb4 21. a4 c6 22. Nh2 {1-0 Msellek,I (2405)-Johnson,D (2160) CAN Transnational op 2023 (5)}) 16... Be6 17. h4 Bxb3 18. axb3 Qe6 19. b4 Rb6 20. h5 Ne7 21. Nh4 c5 22. Nf5 Nxf5 23. exf5 Qf6 24. e4 Rc6 25. bxc5 dxc5 26. Rfd1 Rd8 27. Rd2 Kh7 28. b3 c4 29. bxc4 bxc4 30. Rad1 cxd3 31. Rxd3 Rxd3 32. Qxd3 Qg5 33. Ra1 Qf6 (33... Qxh5 $6 34. Rxa6 Rc8 35. f6 $11) 34. Rd1 $1 Qg5 35. Ra1 $1 Rb6 (35... Qxh5 $6 36. Rxa6 Rc5 37. f6 $11) 36. Qe2 (36. Rb1 $17 Rc6 (36... Rxb1+ 37. Qxb1 Qe3+ 38. Kh2 $15) 37. c4) 36... a5 37. c4 {[%emt 0:00:43] [#]} (37. Qa2 {might work better.}) 37... a4 ({Better is} 37... Rb3 $1 $19 {[%cal Oa5a4][%mdl 512] ...a4! is the strong threat.} 38. c5 Rc3) 38. c5 $17 Rb3 39. Qc2 (39. f6 $17 {is the only way for White.}) 39... Qe3+ (39... Qxh5 40. c6 Rb8 41. c7 $16 (41. Rxa4 Rd8 $11) (41. Qxa4 Rb2 $17)) 40. Kh1 (40. Qf2 $17 {was the only chance.} Qxe4 41. f6) 40... a3 (40... Rc3 $19 41. Qxa4 Qe2 (41... Qxc5 42. Qe8 $11) (41... Rxc5 42. Qd7 $11)) 41. Qc4 $17 Kg8 (41... f6 $17 {And now ...Rc3 would win.} 42. Rd1 a2) 42. c6 $2 (42. Qa4 $1 $11) 42... Rc3 $19 43. Qd5 $2 (43. Qa4) 43... Rc2 44. Qxe5 (44. Qd1 $19 Qxe4 (44... Rxc6 $2 45. Qa4 $19) 45. Qf3 Qxf3 (45... Qxc6 $2 46. Rxa3 Qc4 47. f6 $19) (45... Qh4+ $2 46. Qh3 $19) 46. gxf3 Rxc6 47. Rxa3) 44... Qf2 (44... Rxc6 $2 45. Qe8+ Kh7 46. Qxc6 $18) (44... Qg5 $142 45. Qh2 Rc1+ (45... Rxc6 $2 46. Qb8+ Kh7 47. Qb3 $19) (45... a2 $2 46. Qg1 $19) 46. Rxc1 Qxc1+ 47. Qg1 Qxg1+ (47... Qxc6 $2 48. Qa7 $19) 48. Kxg1 a2 49. g4 a1=Q+ (49... a1=B $2 50. c7 $18) 50. Kg2 Qa4 51. Kf2 Qxc6 (51... Qxe4 $2 52. Kg3 $19) 52. Kf3 Qc3+ 53. Ke2 Qd4 54. Kf3 Qd3+ 55. Kf2 Qxe4 56. Kf1 Qe3 (56... Qxg4 57. Kf2 g5 58. fxg6 fxg6 59. hxg6 h5 60. g7 h4 61. Ke3 h3 62. Kd3 h2 63. Kc3 h1=Q 64. Kd3 Qhd1+ 65. Ke3 Qgf3#) 57. Kg2 Qe2+ 58. Kh1 Qxg4 (58... f6 59. Kg1 g5 60. fxg6 Kg7 61. Kh1 Qxg4 62. Kh2 f5 63. Kh1 f4 64. Kh2 f3 65. Kh1 Qg2#) 59. Kh2 g5 (59... Qxh5+ 60. Kg3 Qxf5 61. Kg2 h5 62. Kg3 h4+ 63. Kg2 g5 64. Kh2 Qf3 65. Kg1 h3 66. Kh2 Qg2#) 60. hxg6 h5 (60... Qxf5 61. gxf7+ Kxf7 62. Kg2 Qf4 63. Kg1 Qf3 64. Kh2 h5 65. Kg1 h4 66. Kh2 h3 67. Kg1 Qg2#) 61. Kh1 h4 (61... fxg6 62. Kh2 gxf5 63. Kh1 h4 64. Kh2 h3 65. Kh1 Qg2#) 62. Kh2 h3 (62... Qxf5 63. gxf7+ Kxf7 64. Kg2 Qf4 65. Kg1 h3 66. Kh1 Qf3+ 67. Kh2 Qg2#) 63. gxf7+ Kxf7 64. Kh1 Qg2#) 45. Qh2 $19 a2 46. c7 Qd4 47. Qg1 Qxe4 48. Qf1 Qh4+ (48... Rxc7 49. Rxa2 Rc3 50. Re2 Qh4+ 51. Kg1 $17) (48... Qc6 $142 49. f6 Qxc7 (49... gxf6 $2 50. c8=Q+ Qxc8 51. Qf4 $19) 50. fxg7 Qe5 (50... Kxg7 $2 51. Rd1 $19) 51. Re1 Qg5 (51... Qxg7 $2 52. Re8+ $18) (51... Qxh5+ $2 52. Kg1 $19) 52. Kg1 Kxg7 (52... Qxg7 $2 53. Re8+ $18) 53. Kh2 Qxh5+ 54. Kg1 Qg4 55. Kh2 Rb2 56. Rc1 Qh4+ 57. Kg1 Qe4 58. Re1 Qxe1 59. Qxe1 Rb1 60. Kf2 Rxe1 (60... a1=B $2 61. Qxb1 Bf6 62. Kf3 $18) 61. Kxe1 a1=Q+ (61... a1=B $2 62. Kf2 $19) 62. Kd2 Qb2+ 63. Ke3 Qxg2 64. Kd4 h5 65. Ke3 h4 66. Kd4 h3 67. Kd3 h2 68. Ke3 Qg4 (68... h1=R 69. Kd4 Qc2 70. Ke3 Kf6 71. Kd4 Re1 72. Kd5 Rd1#) 69. Kd3 h1=Q (69... h1=R 70. Ke3 Rh3+ 71. Kf2 Rf3+ 72. Ke1 Qg2 73. Kd1 Rf1#) 70. Kd2 Qd4+ 71. Ke2 Qhd1#) 49. Kg1 $19 Qd4+ (49... Rxc7 50. Rxa2 Qxh5 51. Rf2 $17) 50. Kh1 Qc3 (50... Rxc7 51. Rxa2 Qg4 52. Kg1 $17) 51. Re1 Qxc7 52. f6 Qd8 (52... gxf6 $142 53. Rd1 Rc5) 53. Qf5 $19 Re2 ({Weaker is} 53... Qxf6 54. Re8#) 54. Rc1 Rd2 (54... gxf6 $2 {loses.} 55. Qg4+ Kh8 56. Qxe2 $18) 55. Qg4 Qxf6 0-1